 Dungeon Crawl Stone Soup version 0.30-a0-793-g160f7cfddd (webtiles) character file.

Game seed: 15911328084912263186

72 fleeber the Slasher (level 4, -1/35 HPs)
             Began as a Merfolk Gladiator on Feb 20, 2023.
             Killed by nerve-wracking pain
             ... invoked by Grinder
              (12 damage)
             ... on level 3 of the Dungeon.
             The game lasted 00:05:22 (1410 turns).

fleeber the Slasher (Merfolk Gladiator)             Turns: 1410, Time: 00:05:23

Health: -1/35      AC:  8    Str: 14    XL:     4   Next: 25%
Magic:  4/4        EV: 12    Int:  7    God:
Gold:   78         SH:  4    Dex: 17    Spells: 3/3 levels left

rFire   . . .      SeeInvis .    a - +0 long sword
rCold   . . .      Faith    .    o - +0 buckler
rNeg    . . .      Spirit   .    j - +0 ring mail
rPois   .          Reflect  .    c - +0 helmet
rElec   .          Harm     .    (no cloak)
rCorr   .          Rampage  .    g - +0 pair of gloves
Will    .....                    n - +0 pair of boots
Stlth   +                        (no amulet)
HPRegen 0.25/turn                (no ring)
MPRegen 0.09/turn                (no ring)

@: no status effects
A: (nimble swimmer 2), mertail
a: no special abilities


You were on level 3 of the Dungeon.
You visited 1 branch of the dungeon, and saw 3 of its levels.

You collected 78 gold pieces.

Inventory:

Hand Weapons
 a - a +0 long sword (weapon)
Missiles
 d - 3 throwing nets
 e - a javelin
 k - 2 boomerangs (quivered)
Armour
 c - a +0 helmet (worn)
 g - a +0 pair of gloves (worn)
 j - a +0 ring mail (worn)
 n - a +0 pair of boots (worn)
 o - a +0 buckler (worn)
Scrolls
 b - 2 scrolls of amnesia {unknown}
 f - a scroll of summoning {unknown}
 l - 2 scrolls of identify {unknown}
 q - 2 scrolls of noise {unknown}
Potions
 h - a potion of resistance {unknown}
 i - a potion of heal wounds {unknown}
 m - a potion of ambrosia {unknown}
 p - 2 potions of haste {unknown}
 r - a potion of berserk rage {unknown}


   Skills:
 + Level 3.0 Fighting
 * Level 5.0 Long Blades
 - Level 2.0 Throwing
 + Level 4.7 Dodging


You had 3 spell levels left.
You didn't know any spells.
Your spell library contained the following spells:

 Spells                   Type           Power      Damage    Failure   Level
 Foxfire                  Conj/Fire      0%         2x1d4     80%         1
 Gell's Gravitas          Tloc           0%         N/A       99%         3
 Teleport Other           Tloc           0%         N/A       99%         3
 Fireball                 Conj/Fire      0%         3d3       100%        5
 Dispersal                Tloc           0%         N/A       100%        6
 Starburst                Conj/Fire      0%         6d3       100%        6


Dungeon Overview and Level Annotations

Branches:
Dungeon (3/15)

Altars:

Annotations:
D:2 Sigmund
D:3 Grinder


Innate Abilities, Weirdness & Mutations

((You are very nimble when in or above water. (Stealth+, EV+, Speed+++)))
Your lower body shifts to a powerful aquatic tail in water.


Message History

You start waiting.
Grinder is nearby!
Grinder gestures at you.
You suddenly lose the ability to move!
Grinder hits you but does no damage.
You can move again.
You closely miss Grinder. You block Grinder's attack.
You slash Grinder!
Grinder is moderately wounded.
Grinder hits you but does no damage.
You slash Grinder!
Grinder is heavily wounded.
Grinder hits you but does no damage.
You slash Grinder!
Grinder is severely wounded.
Grinder hits you. x2; You writhe in agony.
You hit Grinder.
Grinder is severely wounded.
Grinder blinks!
Throw: 2 boomerangs
Press: ? - help, Q - select action, (/) - cycle Shift-Dir - straight line, f - Grinder
Aim: Grinder (severely wounded, 58% to hit)
You throw a boomerang. The boomerang closely misses Grinder.
Grinder gestures at you.
You suddenly lose the ability to move!
Grinder says, "Tell me all your secrets, or I'll kill you."
Grinder gestures at you.
You barely resist.
You can move again.
Grinder gestures at you. Pain shoots through your body!
* * * LOW HITPOINT WARNING * * *
Grinder gestures at you.
You shrug off the repeated paralysis!
You closely miss Grinder.
Grinder is severely wounded.
Grinder says, "You look like you could use a good racking."
Grinder gestures at you. Pain shoots through your body!
You die...

#...".......#.# #.#
####.....##.#.######.#
........###.......##.#
######.## ###.###.##.#
#.# #.###.##.# #.#
#.##[.##.# #+#
#........# ####.#####
#@# #5# ... .....
##...## ##.## ... ...


You could see Grinder.

Vanquished Creatures
  An adder (D:2)
  2 dart slugs
  An orc (D:2)
  2 endoplasms
  4 giant cockroaches
  11 goblins
  3 hobgoblins (D:1)
  7 jackals (D:1)
  2 quokkas
  2 ball pythons
  6 bats
  A frilled lizard (D:2)
  6 kobolds
  2 rats (D:1)
50 creatures vanquished.

Notes
Turn   | Place    | Note
-------+----------+-------------------------------------------
     0 | D:1      | fleeber the Merfolk Gladiator began the quest for the Orb.
     0 | D:1      | Reached XP level 1. HP: 16/16 MP: 1/1
    29 | D:1      | Reached skill level 4 in Long Blades
    29 | D:1      | Reached XP level 2. HP: 21/23 MP: 2/2
   367 | D:1      | Reached XP level 3. HP: 26/28 MP: 3/3
  1042 | D:2      | Reached XP level 4. HP: 35/35 MP: 4/4
  1183 | D:2      | Noticed Sigmund
  1294 | D:3      | Reached skill level 5 in Long Blades
  1389 | D:3      | Noticed Grinder
  1397 | D:3      | Paralysed by Grinder for 2 turns
  1404 | D:3      | Paralysed by Grinder for 4 turns
  1410 | D:3      | Killed from afar by Grinder

Illustrated notes

Levels and vault maps discovered:
D:1:      amcnicky_arrival_gap_in_the_tavern_cellar, layout_rooms
D:2:      layout_loops_cross, chequers_serial_rivers_micro_c, minivault_5,
          grunt_ministairs_13, uniq_sigmund
D:3:      layout_loops_corners, uniq_grinder

Skill      XL: |  1  2  3  4 |
---------------+-------------+-----
Long Blades    | 4 5 |  5.0
Fighting       | 3 |  3.0
Throwing       | |  2.0
Dodging        | |  4.7

Action                     |  1- 3 |  4- 6 || total
---------------------------+-------+-------++-------
  Melee: Long sword        |   121 |    32 ||   153
         Punch             |     1 |       ||     1
  Throw: Boomerang         |       |     1 ||     1
   Stab: Sleeping          |     1 |       ||     1
 Armour: Leather armour    |    17 |       ||    17
         Ring mail         |    30 |    14 ||    44
  Dodge: Dodged            |    80 |    15 ||    95
  Block: Buckler           |     3 |    12 ||    15

Table legend: (Time is in decaauts)
 A = Elapsed time spent in this place.
 B = Non-inter-level travel time spent in this place.
 C = Inter-level travel time spent in this place.
 D = Time resting spent in this place.
 E = Time spent auto-exploring this place.
 F = Levels seen in this place.
 G = Mean time per level.
                   A        B        C        D        E       F      G
               +--------+--------+--------+--------+--------+-----+--------+
         Total |   1441 |   1385 |     56 |    222 |    631 |   3 |  480.3 |
       Dungeon |   1441 |   1385 |     56 |    222 |    631 |   3 |  480.3 |
               +--------+--------+--------+--------+--------+-----+--------+

Top non-repeatable levels by time:
     D:1: 837 daAuts
     D:2: 498 daAuts
     D:3: 104 daAuts
